 Dungeon Crawl Stone Soup version 0.27.1-3-gb3d3a73c9e (webtiles) character file.

Game seed: 10573361558561511709

46 Icepheonix32 the Conjurer (level 3, -1/21 HPs)
             Began as an Octopode Conjurer on Oct 14, 2021.
             Slain by a gnoll (7 damage)
             ... on level 2 of the Dungeon.
             The game lasted 00:03:55 (2326 turns).

Icepheonix32 the Conjurer (Octopode Conjurer)       Turns: 2326, Time: 00:03:56

Health: -1/21      AC:  1    Str:  6    XL:     3   Next: 68%
Magic:  12/15      EV: 13    Int: 21    God:
Gold:   22         SH:  0    Dex: 10    Spells: 4/7 levels left

rFire    . . .     SeeInvis .   a - +0 dagger
rCold    . . .     Faith    .   (no shield)
rNeg     . . .     Spirit   .   (helmet restricted)
rPois    .         Reflect  .   (no amulet)
rElec    .         Harm     .   d - ring of magical power
rCorr    .         Rampage  .   (no ring)
Will     .....                  (no ring)
Stlth    +++.......             (no ring)
HPRegen  0.07/turn              (no ring)
MPRegen  0.14/turn              (no ring)
                                (no ring)
                                (no ring)

@: no status effects
A: almost no armour, amphibious, 8 rings, camouflage 1, gelatinous body 1,
(nimble swimmer 1), tentacles
a: no special abilities


You were on level 2 of the Dungeon.
You visited 1 branch of the dungeon, and saw 2 of its levels.

You collected 22 gold pieces.

Inventory:

Hand Weapons
 a - a +0 dagger (weapon)
Missiles
 b - a throwing net (quivered)
Jewellery
 d - a ring of magical power (left tentacle)
Scrolls
 f - a scroll of brand weapon {unknown}
Potions
 c - a potion of curing {unknown}
 e - a potion of lignification {unknown}
 g - a potion of invisibility {unknown}


   Skills:
 * Level 2.2 Dodging
 + Level 3.1 Stealth
 - Level 0.2 Unarmed Combat
 * Level 2.5 Spellcasting
 + Level 4.6 Conjurations


You had 4 spell levels left.
You knew the following spells:

 Your Spells              Type           Power      Damage    Failure   Level
a - Magic Dart            Conj           88%        1d7       1%          1
b - Searing Ray           Conj           44%        3d4       3%          2

Your spell library contained the following spells:

 Spells                   Type           Power      Damage    Failure   Level
 Dazzling Flash           Conj/Hex       24%        N/A       16%         3
 Fulminant Prism          Conj/Hex       6%         3d7       47%         4
 Iskenderun's Mystic Bla  Conj/Tloc      12%        2d5       47%         4


Dungeon Overview and Level Annotations

Branches:
Dungeon (2/15)

Altars:


Innate Abilities, Weirdness & Mutations

You cannot wear most types of armour.
You are amphibious.
You can wear up to eight rings at the same time.
Your skin changes colour to match your surroundings (Stealth+).
Your rubbery body absorbs attacks. (AC +1, EV +1)
((You are camouflaged near water. (Stealth+)))
You have tentacles for arms and can constrict up to eight enemies at once.


Message History

Confirm with . or Enter, or press ? or * to list all spells.
Aiming: Magic Dart (safe; 1% risk of failure)
Press: ? - help, Shift-Dir - straight line, f/p - black bear
Aim: a black bear (lightly wounded, 100% to hit)
The magic dart hits the black bear.
The black bear is moderately wounded.
You climb upwards.
There is a stone staircase leading down here.
Memorise Searing Ray, consuming 2 spell levels and leaving 4?
You start memorising the spell.
You continue memorising. x2
You finish memorising.
Spell assigned to 'b'.
Magic restored.
Things that are here:
a stone; a +0 dagger; a kobold skeleton Done exploring.
There is a stone staircase leading down here.
There is a stone staircase leading down here.
You climb downwards.
There is a stone staircase leading up here.
Unknown command.
Casting: Magic Dart (safe; 1% risk of failure)
Confirm with . or Enter, or press ? or * to list all spells.
Aiming: Searing Ray (safe; 3% risk of failure)
Press: ? - help, Shift-Dir - straight line The searing ray hits the adder.
The adder is heavily wounded.
The searing ray hits the gnoll.
The gnoll is heavily wounded. (Press . to maintain the ray.)
The gnoll shouts!
You hear a shout!
The adder bites you.
The gnoll hits you from afar with a +0 spear!
You hear a shout!
The searing ray misses the adder.
The searing ray misses the gnoll.
The searing ray hits the gnoll.
The gnoll is heavily wounded.
The adder bites you.
* * * LOW HITPOINT WARNING * * *
The gnoll hits you from afar with a +0 spear!
You die...

# .# ..#.
g....
###gB.g..
#@S..#
###.g....
.###. #


You could see 3 gnolls, an adder, a giant cockroach and a hobgoblin.

Vanquished Creatures
  A dart slug (D:1)
  3 bats
  An endoplasm (D:1)
  3 giant cockroaches
  5 goblins
  3 hobgoblins
  4 jackals (D:1)
  6 kobolds
  2 quokkas (D:1)
  4 ball pythons
  A frilled lizard (D:1)
  7 rats
40 creatures vanquished.

Vanquished Creatures (others)
  4 fungi (D:1)
4 creatures vanquished.

Grand Total: 44 creatures vanquished

Notes
Turn   | Place    | Note
-------+----------+-------------------------------------------
     0 | D:1      | Icepheonix32 the Octopode Conjurer began the quest for the
                  | Orb.
     0 | D:1      | Reached XP level 1. HP: 11/11 MP: 3/3
   332 | D:1      | Reached XP level 2. HP: 13/17 MP: 1/5
  1019 | D:1      | Reached XP level 3. HP: 21/21 MP: 3/6
  1446 | D:1      | Found a faded altar of an unknown god.
  2192 | D:2      | Noticed a black bear
  2296 | D:1      | Learned a level 2 spell: Searing Ray
  2326 | D:2      | Slain by a gnoll

Illustrated notes

Levels and vault maps discovered:
D:1:      minmay_arrival_jagged, layout_basic,
          shapermc_ecumenical_altar_acropolis
D:2:      layout_basic

Skill      XL: |  1  2 |
---------------+-------+-----
Stealth        | 3 |  3.1
Dodging        | |  2.2
Unarmed Combat | |  0.2
Spellcasting   | |  2.5
Conjurations   | |  4.6

Action                   || total
-------------------------++-------
Melee: Unarmed           ||     6
       Dagger            ||    37
       Constrict         ||     9
       Tentacles         ||     7
 Cast: Magic Dart        ||    59
       Searing Ray       ||     1
 Stab: Sleeping          ||     1
Armor: Skin              ||     6
Dodge: Dodged            ||    35
